 Dungeon Crawl Stone Soup version 0.29-a0-414-g5075937ec3 (webtiles) character file.

Game seed: 3006721228105564189

123 frimble the Grasshopper (level 5, 0/43 HPs)
             Began as a Gnoll Warper on May 16, 2022.
             Slain by a hound (4 damage)
             ... on level 4 of the Dungeon.
             The game lasted 00:02:55 (3302 turns).

frimble the Grasshopper (Gnoll Warper)              Turns: 3302, Time: 00:02:56

Health: 0/43       AC:  3    Str: 11    XL:     5   Next: 7%
Magic:  7/12       EV: 12    Int: 14    God:
Gold:   122        SH:  0    Dex: 11    Spells: 9/14 levels left

rFire   . . .      SeeInvis .     - Unarmed
rCold   . . .      Faith    .   (no shield)
rNeg    . . .      Spirit   .   a - +0 leather armour
rPois   .          Reflect  .   (no helmet)
rElec   .          Harm     .   (no cloak)
rCorr   .          Rampage  .   (no gloves)
Will    +....                   (no boots)
Stlth   +.........              (no amulet)
HPRegen 0.14/turn               h - ring of willpower
MPRegen 0.13/turn               (no ring)

@: very slightly contaminated
A: fangs 1, strong nose, distributed training
a: no special abilities


You were on level 4 of the Dungeon.
You visited 1 branch of the dungeon, and saw 4 of its levels.

You collected 155 gold pieces.
You spent 33 gold pieces at shops.

Inventory:

Missiles
 c - 5 boomerangs of dispersal (quivered)
 e - 2 javelins
 i - 6 boomerangs
 r - a throwing net
Armour
 a - a +0 leather armour (worn)
Jewellery
 h - a ring of willpower (left hand)
Wands
 p - a wand of polymorph (4)
Scrolls
 b - a scroll of blinking
 g - a scroll of summoning
 j - a scroll of fog
 k - a scroll of enchant weapon
 m - 2 scrolls of amnesia
 n - a scroll of identify
 o - a scroll of fear {unknown}
 q - a scroll of poison
 s - a scroll of magic mapping {unknown}
Potions
 d - 3 potions of curing {unknown}
 f - a potion of berserk rage {unknown}
 l - a potion of lignification {unknown}


   Skills:
 + Level 4.7 Fighting
 + Level 1.3 Short Blades
 + Level 1.3 Long Blades
 + Level 1.3 Axes
 + Level 1.3 Maces & Flails
 + Level 1.3 Polearms
 + Level 1.3 Staves
 + Level 1.3 Slings
 + Level 1.3 Bows
 + Level 1.3 Crossbows
 + Level 2.9 Throwing
 + Level 2.9 Armour
 + Level 4.7 Dodging
 + Level 1.3 Stealth
 + Level 1.3 Shields
 + Level 4.7 Unarmed Combat
 + Level 5.1 Spellcasting
 + Level 1.1 Conjurations
 + Level 1.1 Hexes
 + Level 1.1 Summonings
 + Level 1.1 Necromancy
 + Level 5.5 Translocations
 + Level 1.1 Transmutations
 + Level 1.1 Fire Magic
 + Level 1.1 Ice Magic
 + Level 1.1 Air Magic
 + Level 1.1 Earth Magic
 + Level 1.1 Poison Magic
 + Level 1.5 Invocations
 + Level 1.3 Evocations


You had 9 spell levels left.
You knew the following spells:

 Your Spells              Type           Power      Damage    Failure   Level
a - Blink                 Tloc           38%        N/A       3%          2
b - Frozen Ramparts       Ice            12%        1d3       38%         3

Your spell library contained the following spells:

 Spells                   Type           Power      Damage    Failure   Level
 Gell's Gravitas          Tloc           19%        N/A       7%          3
 Lesser Beckoning         Tloc           19%        N/A       7%          3
 Teleport Other           Tloc           19%        N/A       7%          3
 Freeze                   Ice            24%        1d5       14%         1
 Manifold Assault         Tloc           19%        N/A       54%         5
 Hailstorm                Conj/Ice       6%         3d4       80%         4


Dungeon Overview and Level Annotations

Branches:
Dungeon (4/15)
 Temple: D:4-7

Altars:

Shops:
D:3 ?

Annotations:
D:3 1 runed translucent door, Crazy Yiuf
D:4 Grinder


Innate Abilities, Weirdness & Mutations

You have very sharp teeth.
Your uncanny sense of smell can sniff out nearby items.
Your experience applies equally to all skills.


Message History

You are no longer poisoned.
Your magical contamination has completely faded away.
A hound comes into view.
A hound is nearby!
A hound is nearby!
A hound is nearby!
Casting: Frozen Ramparts (quite dangerous; 38% risk of failure)
Confirm with . or Enter, or press ? or * to list all spells.
The spell is quite dangerous to miscast (38% risk of failure)!
Continue anyway? [Y]es or [N]o only, please.
The spell is quite dangerous to miscast (38% risk of failure)!
Continue anyway?
Casting: Frozen Ramparts (quite dangerous; 38% risk of failure)
Press: ? - help, Dir - look around, f - activate You miscast Frozen Ramparts.
You are very lightly contaminated with residual magic.
You are caught in an explosion of ice and frost!
The hound barks!
You hit the hound.
The hound is lightly wounded.
The hound bites you.
* * * LOW HITPOINT WARNING * * *
You closely miss the hound.
The hound is lightly wounded.
The hound bites you.
* * * LOW HITPOINT WARNING * * *
The hound misses you.
Okay, then.
You hit the hound. Your bite misses the hound.
The hound is moderately wounded.
The hound barely misses you.
You completely miss the hound.
The hound is moderately wounded.
The hound barely misses you.
You closely miss the hound.
The hound is moderately wounded.
The hound bites you.
* * * LOW HITPOINT WARNING * * *
The hound stops to sniff the ground.
The hound bites you.
You die...

....'.'........... ∆
... #...###...##....##
#h# #.#####...##.....#
#.# #.##...)†........#
#.# #.##.............#
#.# #.##..............
#.# #.##..............
#†###.##............#.
#...h@................
#####...########.#####
#......##...# #.# #
#......##...###.#####
......................
###....##.#...###......
......# .#...###......
####### .#............
#............


You could see a hound.

Vanquished Creatures
  3 adders
  4 gnolls (D:2)
  4 ball pythons
  7 bats
  2 endoplasms
  2 giant cockroaches
  9 hobgoblins
  6 jackals
  A quokka (D:2)
  2 frilled lizards (D:1)
  4 goblins
  8 kobolds
  5 rats
57 creatures vanquished.

Notes
Turn   | Place    | Note
-------+----------+-------------------------------------------
     0 | D:1      | frimble the Gnoll Warper began the quest for the Orb.
     0 | D:1      | Reached XP level 1. HP: 20/20 MP: 6/6
   309 | D:1      | Reached XP level 2. HP: 20/26 MP: 7/7
   987 | D:1      | Learned a level 2 spell: Blink
  1088 | D:2      | Reached XP level 3. HP: 31/31 MP: 9/9
  1092 | D:2      | Learned a level 3 spell: Frozen Ramparts
  1131 | D:2      | Reached skill level 5 in Spellcasting
  1242 | D:2      | Reached skill level 1 in Invocations
  1248 | D:2      | Reached skill level 1 in Short Blades
  1248 | D:2      | Reached skill level 1 in Long Blades
  1248 | D:2      | Reached skill level 1 in Axes
  1248 | D:2      | Reached skill level 1 in Maces & Flails
  1248 | D:2      | Reached skill level 1 in Polearms
  1248 | D:2      | Reached skill level 1 in Staves
  1248 | D:2      | Reached skill level 1 in Slings
  1248 | D:2      | Reached skill level 1 in Bows
  1248 | D:2      | Reached skill level 1 in Crossbows
  1248 | D:2      | Reached skill level 1 in Stealth
  1248 | D:2      | Reached skill level 1 in Shields
  1248 | D:2      | Reached skill level 1 in Evocations
  1253 | D:2      | Reached XP level 4. HP: 17/38 MP: 1/11
  1891 | D:3      | Reached skill level 1 in Conjurations
  1891 | D:3      | Reached skill level 1 in Hexes
  1891 | D:3      | Reached skill level 1 in Summonings
  1891 | D:3      | Reached skill level 1 in Necromancy
  1891 | D:3      | Reached skill level 1 in Transmutations
  1891 | D:3      | Reached skill level 1 in Fire Magic
  1891 | D:3      | Reached skill level 1 in Ice Magic
  1891 | D:3      | Reached skill level 1 in Air Magic
  1891 | D:3      | Reached skill level 1 in Earth Magic
  1891 | D:3      | Reached skill level 1 in Poison Magic
  1966 | D:3      | Found Vuakh's Magic Scroll Shop.
  1990 | D:3      | Bought a scroll of identify for 22 gold pieces
  1994 | D:3      | Bought a scroll of noise for 11 gold pieces
  2345 | D:3      | Found a runed translucent door.
  2346 | D:3      | Noticed Crazy Yiuf
  3086 | D:4      | Noticed Grinder
  3268 | D:4      | Reached XP level 5. HP: 22/43 MP: 6/12
  3302 | D:4      | Slain by a hound

Illustrated notes

Levels and vault maps discovered:
D:1:      minmay_arrival_checkered_box, layout_loops_ring, minmay_tall_x
D:2:      layout_rooms
D:3:      layout_loops_corners, serial_shops, shop, grunt_ministairs_4,
          uniq_crazy_yiuf_cottage
D:4:      layout_basic, uniq_grinder

Skill      XL: |  1  2  3  4 |
---------------+-------------+-----
Spellcasting   | 5 |  5.1
Invocations    | 1 |  1.5
Short Blades   | 1 |  1.3
Long Blades    | 1 |  1.3
Axes           | 1 |  1.3
Maces & Flails | 1 |  1.3
Polearms       | 1 |  1.3
Staves         | 1 |  1.3
Slings         | 1 |  1.3
Bows           | 1 |  1.3
Crossbows      | 1 |  1.3
Stealth        | 1 |  1.3
Shields        | 1 |  1.3
Evocations     | 1 |  1.3
Conjurations   | 1 |  1.1
Hexes          | 1 |  1.1
Summonings     | 1 |  1.1
Necromancy     | 1 |  1.1
Transmutations | 1 |  1.1
Fire Magic     | 1 |  1.1
Ice Magic      | 1 |  1.1
Air Magic      | 1 |  1.1
Earth Magic    | 1 |  1.1
Poison Magic   | 1 |  1.1
Fighting       | |  4.7
Throwing       | |  2.9
Armour         | |  2.9
Dodging        | |  4.7
Unarmed Combat | |  4.7
Translocations | |  5.5

Action                   |  1- 3 |  4- 6 || total
-------------------------+-------+-------++-------
Melee: Unarmed           |    74 |   124 ||   198
       Punch             |     4 |     1 ||     5
       Bite              |     5 |    15 ||    20
Throw: Boomerang         |     2 |       ||     2
 Cast: Frozen Ramparts   |     2 |       ||     2
  Use: Scroll            |       |     7 ||     7
 Stab: Sleeping          |       |     1 ||     1
Armor: Leather armour    |    23 |    29 ||    52
Dodge: Dodged            |    51 |    95 ||   146

Table legend: (Time is in decaauts)
 A = Elapsed time spent in this place.
 B = Non-inter-level travel time spent in this place.
 C = Inter-level travel time spent in this place.
 D = Time resting spent in this place.
 E = Time spent auto-exploring this place.
 F = Levels seen in this place.
 G = Mean time per level.
                   A        B        C        D        E       F      G
               +--------+--------+--------+--------+--------+-----+--------+
         Total |   3284 |   3197 |     87 |     24 |   2720 |   4 |  821.0 |
       Dungeon |   3284 |   3197 |     87 |     24 |   2720 |   4 |  821.0 |
               +--------+--------+--------+--------+--------+-----+--------+

Top non-repeatable levels by time:
     D:3: 1260 daAuts
     D:1: 1025 daAuts
     D:2: 680 daAuts
     D:4: 318 daAuts
